BSA
KALAMAZOO ROYALE WITH CHEESE @ ORLANDO CALRISSIAN
08/31/2029
 
TOP OF THE 1ST
Kalamazoo Royale with Cheese batting - Pitching for Orlando Calrissian : RHP Gerardo García
Pitching: RHP Gerardo García
Batting: LHB Javier Espinoza 0-0: Ball
1-0: Ball
2-0: Ball
3-0: Called Strike
3-1: Swinging Strike
3-2: Base on Balls
Batting: SHB Caden Keith 0-0: Called Strike
0-1: Foul Ball, location: 2F
0-2: 2-RUN HOME RUN (Line Drive, 9LD), Distance : 361 ft
Batting: LHB Vincente Sáenz 0-0: Ball
1-0: Ball
2-0: Ball
3-0: Base on Balls
Batting: LHB Roberto Sandoval 0-0: Ball
1-0: Ball
2-0: Ball
3-0: Called Strike
3-1: Foul Ball, location: 2F
3-2: Grounds into double play, 6-4-3 (Groundball, 6)
Batting: RHB Zander Tremblett 0-0: Ball
1-0: Called Strike
1-1: Foul Ball, location: 2F
1-2: Ball
2-2: Ball
3-2: Foul Ball, location: 2F
3-2: Base on Balls
Batting: LHB Bill McJannett 0-0: Ball
1-0: Ball
2-0: Called Strike
2-1: Fielders Choice at 2nd, U4 (Groundball, 4M)
Top of the 1st over - 2 runs, 1 hit, 0 errors, 1 left on base; Kalamazoo 2 - Orlando 0
BOTTOM OF THE 1ST
Orlando Calrissian batting - Pitching for Kalamazoo Royale with Cheese : LHP Jason Simpson
Pitching: LHP Jason Simpson
Batting: LHB Craig Kenney 0-0: Ball
1-0: Fly out, F6 (Popup, 6M)
Batting: RHB Sean White 0-0: Called Strike
0-1: Ground out U3 (Groundball, 34)
Batting: RHB Rich Anderson 0-0: Ball
1-0: Ball
2-0: Ball
3-0: Base on Balls
Batting: RHB Raúl Canó 0-0: Ball
1-0: Fielders Choice at 2nd, 6-4 (Groundball, 6)
Bottom of the 1st over - 0 runs, 0 hits, 0 errors, 1 left on base; Kalamazoo 2 - Orlando 0
TOP OF THE 2ND
Kalamazoo Royale with Cheese batting - Pitching for Orlando Calrissian : RHP Gerardo García
Batting: LHB Ron Robinson 0-0: Called Strike
0-1: SINGLE (Flyball, 9LS)
Batting: LHB Francisco Calderón 0-0: Ball
1-0: Ball
2-0: Foul Ball, location: 2F
Balk!
Ron Robinson to second
2-1: Ground out 4-3 (Groundball, 4MD)
Ron Robinson to third
Batting: LHB Keith Tillman 0-0: Ball
1-0: Called Strike
1-1: Swinging Strike
1-2: Strikes out swinging
Batting: LHB Javier Espinoza 0-0: Ball
1-0: Ball
2-0: Called Strike
2-1: Foul Ball, location: 2F
2-2: Ball
3-2: Strikes out swinging
Top of the 2nd over - 0 runs, 1 hit, 0 errors, 1 left on base; Kalamazoo 2 - Orlando 0
BOTTOM OF THE 2ND
Orlando Calrissian batting - Pitching for Kalamazoo Royale with Cheese : LHP Jason Simpson
Batting: SHB Tim Abbott 0-0: Called Strike
0-1: Swinging Strike
0-2: Ground out 6-3 (Groundball, 6)
Batting: RHB Gabriel Ángel 0-0: Ball
1-0: Ball
2-0: Called Strike
2-1: Hit by Pitch
Batting: RHB Júlio Negrón 0-0: Ball
1-0: Ball
2-0: Called Strike
2-1: Swinging Strike
2-2: 2-RUN HOME RUN (Flyball, 78XD), Distance : 394 ft
Batting: LHB Danny Allen 0-0: Ball
1-0: Ball
2-0: Ball
3-0: Called Strike
3-1: Ground out 4-3 (Groundball, 34)
Batting: RHB Robby Lewis 0-0: Ball
1-0: Ball
2-0: Called Strike
2-1: Ground out U3 (Groundball, 3)
Bottom of the 2nd over - 2 runs, 1 hit, 0 errors, 0 left on base; Kalamazoo 2 - Orlando 2
TOP OF THE 3RD
Kalamazoo Royale with Cheese batting - Pitching for Orlando Calrissian : RHP Gerardo García
Batting: SHB Caden Keith 0-0: Fly out, F8 (Flyball, 8LD)
Batting: LHB Vincente Sáenz 0-0: Ball
1-0: Ball
2-0: Ball
3-0: Called Strike
3-1: Ground out 5-3 (Groundball, 56)
Batting: LHB Roberto Sandoval 0-0: Ball
1-0: SINGLE (Line Drive, 34D)
Batting: RHB Zander Tremblett 0-0: Called Strike
0-1: Foul Ball, location: 2F
0-2: Ball
1-2: Fielders Choice at 2nd, 6-4 (Groundball, 6)
Top of the 3rd over - 0 runs, 1 hit, 0 errors, 1 left on base; Kalamazoo 2 - Orlando 2
BOTTOM OF THE 3RD
Orlando Calrissian batting - Pitching for Kalamazoo Royale with Cheese : LHP Jason Simpson
Batting: LHB Craig Kenney 0-0: Ball
1-0: Ball
2-0: Ball
3-0: Called Strike
3-1: Base on Balls
Batting: RHB Sean White 0-0: Swinging Strike
0-1: Ball
1-1: Ball
2-1: Called Strike
Balk!
Craig Kenney to second
2-2: Foul Ball, location: 2F
2-2: Strikes out looking
Batting: RHB Rich Anderson 0-0: Ball
1-0: Ball
2-0: 2-RUN HOME RUN (Flyball, 7LD), Distance : 431 ft
Batting: RHB Raúl Canó 0-0: Fly out, F8 (Flyball, 8LS)
Batting: SHB Tim Abbott 0-0: Ground out 6-3 (Groundball, 6)
Bottom of the 3rd over - 2 runs, 1 hit, 0 errors, 0 left on base; Kalamazoo 2 - Orlando 4
TOP OF THE 4TH
Kalamazoo Royale with Cheese batting - Pitching for Orlando Calrissian : RHP Gerardo García
Batting: LHB Bill McJannett 0-0: Foul Ball, location: 2F
0-1: Ball
1-1: Called Strike
1-2: Foul Ball, location: 2F
1-2: Strikes out swinging
Batting: LHB Ron Robinson 0-0: Ball
1-0: Called Strike
1-1: Swinging Strike
1-2: Ball
2-2: Foul Ball, location: 2F
2-2: Foul Ball, location: 2F
2-2: Foul Ball, location: 2F
2-2: Strikes out swinging
Batting: LHB Francisco Calderón 0-0: Called Strike
0-1: SINGLE (Flyball, 7LS)
Batting: LHB Keith Tillman 0-0: Foul Ball, location: 2F
0-1: Foul Ball, location: 2F
0-2: Strikes out swinging
Top of the 4th over - 0 runs, 1 hit, 0 errors, 1 left on base; Kalamazoo 2 - Orlando 4
BOTTOM OF THE 4TH
Orlando Calrissian batting - Pitching for Kalamazoo Royale with Cheese : LHP Jason Simpson
Batting: RHB Gabriel Ángel 0-0: Called Strike
0-1: Ball
1-1: Swinging Strike
1-2: Ground out 5-3 (Groundball, 56)
Batting: RHB Júlio Negrón 0-0: Ball
1-0: Ball
2-0: SINGLE (Groundball, 56D)
Batting: LHB Danny Allen 0-0: Called Strike
0-1: Called Strike
0-2: Ball
1-2: Ball
2-2: Strikes out looking
Batting: RHB Robby Lewis 0-0: Ground out 5-3 (Groundball, 25)
Bottom of the 4th over - 0 runs, 1 hit, 0 errors, 1 left on base; Kalamazoo 2 - Orlando 4
TOP OF THE 5TH
Kalamazoo Royale with Cheese batting - Pitching for Orlando Calrissian : RHP Gerardo García
Batting: LHB Javier Espinoza 0-0: Foul Ball, location: 2F
0-1: Called Strike
0-2: Ball
1-2: Ball
2-2: SINGLE (Flyball, 9LM)
Batting: SHB Caden Keith 0-0: Ball
1-0: Called Strike
1-1: Foul Ball, location: 2F
1-2: Fielders Choice at 2nd, 6-4 (Groundball, 6)
Batting: LHB Vincente Sáenz 0-0: Called Strike
0-1: Called Strike
0-2: Ball
1-2: Ball
Pickoff Throw to First - Error! E1
Caden Keith to second
2-2: Ball
3-2: Foul Ball, location: 2F
3-2: Strikes out swinging
Batting: LHB Roberto Sandoval 0-0: Ball
1-0: Called Strike
1-1: Ball
2-1: Foul Ball, location: 2F
2-2: DOUBLE (Flyball, 8LXD)
Caden Keith scores
Batting: RHB Zander Tremblett 0-0: Ball
1-0: Fly out, F8 (Flyball, 8RD)
Top of the 5th over - 1 run, 2 hits, 1 error, 1 left on base; Kalamazoo 3 - Orlando 4
BOTTOM OF THE 5TH
Orlando Calrissian batting - Pitching for Kalamazoo Royale with Cheese : LHP Jason Simpson
Batting: LHB Craig Kenney 0-0: Swinging Strike
0-1: Ball
1-1: Ball
2-1: Foul Ball, location: 2F
2-2: Strikes out swinging
Batting: RHB Sean White 0-0: Swinging Strike
0-1: Ball
1-1: Foul Ball, location: 2F
1-2: Foul Ball, location: 2F
1-2: Ground out 6-3 (Groundball, 6D)
Batting: RHB Rich Anderson 0-0: Ball
1-0: Foul Ball, location: 2F
1-1: Ball
2-1: Ball
3-1: Base on Balls
Batting: RHB Raúl Canó 0-0: Called Strike
0-1: Ball
1-1: Ball
2-1: Ball
3-1: SINGLE (Groundball, 3) (infield hit)
Rich Anderson to second
Batting: SHB Tim Abbott 0-0: Ground out 6-3 (Groundball, 6S)
Bottom of the 5th over - 0 runs, 1 hit, 0 errors, 2 left on base; Kalamazoo 3 - Orlando 4
TOP OF THE 6TH
Kalamazoo Royale with Cheese batting - Pitching for Orlando Calrissian : RHP Gerardo García
Pitching: RHP Lance Sanders
Batting: LHB Bill McJannett 0-0: Ball
1-0: Called Strike
1-1: Foul Ball, location: 2F
1-2: Ball
2-2: DOUBLE (Line Drive, 7LM)
Batting: LHB Ron Robinson 0-0: Ball
1-0: Fly out, F7 (Flyball, 7)
Batting: LHB Francisco Calderón 0-0: Fly out, F7 (Line Drive, 78D)
Batting: LHB Keith Tillman 0-0: Ground out 4-3 (Groundball, 4)
Top of the 6th over - 0 runs, 1 hit, 0 errors, 1 left on base; Kalamazoo 3 - Orlando 4
BOTTOM OF THE 6TH
Orlando Calrissian batting - Pitching for Kalamazoo Royale with Cheese : LHP Jason Simpson
Batting: RHB Gabriel Ángel 0-0: Ball
1-0: Fly out, F8 (Flyball, 8RXD)
Batting: RHB Júlio Negrón 0-0: Ball
1-0: Ground out 5-3 (Groundball, 56)
Batting: LHB Danny Allen 0-0: Ball
1-0: Ball
2-0: Called Strike
2-1: Ground out U3 (Groundball, 34S)
Bottom of the 6th over - 0 runs, 0 hits, 0 errors, 0 left on base; Kalamazoo 3 - Orlando 4
TOP OF THE 7TH
Kalamazoo Royale with Cheese batting - Pitching for Orlando Calrissian : RHP Lance Sanders
Batting: LHB Javier Espinoza 0-0: Ball
1-0: Ball
2-0: Called Strike
2-1: Ball
3-1: Fly out, F5 (Flyball, 5D)
Batting: SHB Caden Keith 0-0: Called Strike
0-1: Hit by Pitch
Batting: LHB Vincente Sáenz 0-0: Ball
1-0: Swinging Strike
1-1: Ball
2-1: SINGLE (Line Drive, 8LS)
Caden Keith to second
Batting: LHB Roberto Sandoval 0-0: Ball
1-0: Foul Ball, location: 2F
1-1: Fly out, F9 (Flyball, 9S)
Batting: RHB Zander Tremblett 0-0: Ball
1-0: Called Strike
1-1: Called Strike
1-2: Ground out U3 (Groundball, 34S)
Top of the 7th over - 0 runs, 1 hit, 0 errors, 2 left on base; Kalamazoo 3 - Orlando 4
BOTTOM OF THE 7TH
Orlando Calrissian batting - Pitching for Kalamazoo Royale with Cheese : LHP Jason Simpson
Pitching: RHP Rikiya Sakurai
Batting: RHB Robby Lewis 0-0: Ball
1-0: Foul Ball, location: 2F
1-1: Ball
2-1: Ball
3-1: Swinging Strike
3-2: Foul Ball, location: 2F
3-2: SINGLE (Groundball, 4D)
Pitching: LHP Carlos Thomas
Batting: LHB Craig Kenney 0-0: Ball
1-0: Called Strike
1-1: Ball
2-1: Fly out, F2 (Popup, 25F)
Pitching: RHP Armen Boyajian
Pinch Hitting: LHB Juan Colón 0-0: Called Strike
0-1: Foul Ball, location: 2F
0-2: Strikes out swinging
Batting: RHB Rich Anderson 0-0: Ball
1-0: Called Strike
1-1: Foul Ball, location: 2F
1-2: Ball
2-2: Ball
3-2: Foul Ball, location: 2F
3-2: Fly out, F7 (Flyball, 7)
Bottom of the 7th over - 0 runs, 1 hit, 0 errors, 1 left on base; Kalamazoo 3 - Orlando 4
TOP OF THE 8TH
Kalamazoo Royale with Cheese batting - Pitching for Orlando Calrissian : RHP Lance Sanders
Now at 2B: Keith Sims
Batting: LHB Bill McJannett 0-0: Ball
1-0: Ball
2-0: Ball
3-0: Base on Balls
Batting: LHB Ron Robinson 0-0: Bunted foul
0-1: Bunted foul
0-2: Fielders Choice at 2nd, 4-6 (Groundball, 34)
Batting: LHB Francisco Calderón 0-0: Ball
1-0: Called Strike
1-1: Ball
2-1: Grounds into double play, 6-4-3 (Groundball, 6)
Top of the 8th over - 0 runs, 0 hits, 0 errors, 0 left on base; Kalamazoo 3 - Orlando 4
BOTTOM OF THE 8TH
Orlando Calrissian batting - Pitching for Kalamazoo Royale with Cheese : RHP Armen Boyajian
Batting: RHB Raúl Canó 0-0: SINGLE (Groundball, 34D)
Batting: SHB Tim Abbott 0-0: Ball
1-0: Called Strike
1-1: Fielders Choice at 2nd, 1-6 (Groundball, 13S)
Batting: RHB Gabriel Ángel 0-0: Ball
1-0: Ball
2-0: Called Strike
2-1: Ball
3-1: Foul Ball, location: 2F
3-2: Base on Balls
Tim Abbott to second
Batting: RHB Júlio Negrón 0-0: SINGLE (Groundball, 56D)
Tim Abbott to third
Gabriel Ángel to second
Runner from 3rd tries for Home, SAFE, no throw
Pitching: LHP Manuel Herrera
Batting: LHB Danny Allen 0-0: Fielders Choice at 2nd, 4-6 (Groundball, 4M)
Gabriel Ángel to third
Pitching: RHP Roberto Ledesma
Pinch Hitting: LHB Zack Payton 0-0: Ball
1-0: Ball
2-0: Ball
3-0: Called Strike
3-1: Foul Ball, location: 2F
3-2: Foul Ball, location: 2F
3-2: SINGLE (Flyball, 8RS)
Gabriel Ángel scores
Danny Allen to second
Danny Allen to third
Batting: LHB Craig Kenney 0-0: Ball
1-0: Foul Ball, location: 2F
1-1: Ball
2-1: SINGLE (Line Drive, 5D)
Danny Allen scores
Zack Payton to second
Batting: RHB Keith Sims 0-0: Swinging Strike
0-1: Ball
1-1: SINGLE (Line Drive, 7S)
Zack Payton to third
Craig Kenney to second
Runner from 3rd tries for Home, SAFE, no throw
Batting: RHB Rich Anderson 0-0: Called Strike
0-1: Ball
1-1: Fielders Choice at 2nd, 6-4 (Groundball, 6)
Bottom of the 8th over - 4 runs, 5 hits, 0 errors, 2 left on base; Kalamazoo 3 - Orlando 8
TOP OF THE 9TH
Kalamazoo Royale with Cheese batting - Pitching for Orlando Calrissian : RHP Lance Sanders
Pitching: RHP Will Huggins
Now at 3B: Brian Price
Batting: LHB Keith Tillman 0-0: Ball
1-0: Foul Ball, location: 2F
1-1: Swinging Strike
1-2: Foul Ball, location: 2F
1-2: Fly out, F9 (Line Drive, 89S)
Batting: LHB Javier Espinoza 0-0: Foul Ball, location: 2F
0-1: Ball
1-1: Ball
2-1: Called Strike
2-2: Foul Ball, location: 2F
2-2: Ground out U3 (Groundball, 3L)
Batting: SHB Caden Keith 0-0: Ball
1-0: Ball
2-0: Called Strike
2-1: Ground out 5-3 (Groundball, 56)
Top of the 9th over - 0 runs, 0 hits, 0 errors, 0 left on base; Kalamazoo 3 - Orlando 8
Saturday, December 16th, 2017 - OOTP Baseball 18.8 Build 76